 Dungeon Crawl Stone Soup version 0.30-a0-956-gcec3b41aec (webtiles) character file.

Game seed: 5020748383351864956

3145 bande the Cleaver (level 9, -7/55 HPs)
             Began as a Gargoyle Fighter on Mar 29, 2023.
             Was a Priest of Okawaru.
             Mangled by Gastronok (18 damage)
             ... on level 8 of the Dungeon.
             The game lasted 00:13:02 (6687 turns).

bande the Cleaver (Gargoyle Fighter)                Turns: 6687, Time: 00:13:03

Health: -7/55      AC: 28    Str: 19    XL:     9   Next: 93%
Magic:  12/12      EV:  9    Int: 10    God:    Okawaru [***...]
Gold:   406        SH:  5    Dex: 13    Spells: 8/8 levels left

rFire   . . .      SeeInvis .    a - +1 war axe (protect)
rCold   . . .      Faith    .    c - +0 buckler
rNeg    + . .      Spirit   .    b - +0 scale mail
rPois   ∞          Reflect  .    (no helmet)
rElec   +          Rampage  .    i - +1 cloak
rCorr   +                        (no gloves)
Will    .....                    y - +0 pair of boots Stlth
                                 (no amulet)
HPRegen 0.29/turn                n - ring of resist corrosion
MPRegen 0.13/turn                g - +4 ring of protection

@: under a protective aura
A: sickness immunity, AC +6, negative energy resistance 1, electricity
resistance, torment resistance 1, petrification resistance
a: Renounce Religion, Heroism


You were on level 8 of the Dungeon.
You worshipped Okawaru.
Okawaru was most pleased with you.
You visited 2 branches of the dungeon, and saw 9 of its levels.

You collected 416 gold pieces.
You spent 10 gold pieces at shops.

Inventory:

Hand Weapons
 a - a +1 war axe of protection (weapon)
 j - a +0 war axe
 A - a +0 flail of protection
Armour
 b - a +0 scale mail (worn)
 c - a +0 buckler (worn)
 i - a +1 cloak (worn)
 y - a +0 pair of boots (worn)
Jewellery
 g - a +4 ring of protection (right hand)
 n - a ring of resist corrosion (left hand)
 t - a ring of protection from cold
 u - a ring of flight
Wands
 w - a wand of flame (24)
Scrolls
 h - a scroll of poison
 l - a scroll of teleportation
 p - a scroll of silence
Potions
 d - a potion of berserk rage
 e - 4 potions of curing
 f - a potion of haste {unknown}
 k - 2 potions of ambrosia
 o - 2 potions of heal wounds
 q - a potion of flight {unknown}
 r - a potion of resistance {unknown}
 v - a potion of brilliance {unknown}
 x - a potion of invisibility {unknown}
 z - a potion of attraction {unknown}


   Skills:
 + Level 6.1 Fighting
 + Level 8.0 Axes
 + Level 6.8 Armour
 - Level 0.2 Stealth
 + Level 5.4 Shields
 * Level 4.9 Invocations
 * Level 3.9 Evocations


You had 8 spell levels left.
You didn't know any spells.
Your spell library was empty.

Dungeon Overview and Level Annotations

Branches:
Dungeon (8/15)             Temple (1/1) D:4
   Lair: D:8-11

Altars:
Ashenzari
Cheibriados
Dithmenos
Elyvilon
Gozag
Hepliaklqana
Nemelex Xobeh
Okawaru
Qazlal
Sif Muna
Trog
Uskayaw
Vehumet
Wu Jian
Xom
Yredelemnul
Zin

Shops:
D:4 =   D:6 **(!

Annotations:
D:8 Gastronok


Innate Abilities, Weirdness & Mutations

You are immune to sickness and miasma.
Your stone body is resilient. (AC +6)
You are immune to poison.
You resist negative energy. (rN+)
You are resistant to electric shocks. (rElec)
You are resistant to unholy torment.
You are immune to petrification.


Message History

You see here Great Wizards, Vol.
VII.
Gastronok bites you!!
You see here 9 gold pieces.
You slash Gastronok!
Your weapon exudes an aura of protection.
Gastronok is lightly wounded.
You hit Gastronok but do no damage.
Gastronok is lightly wounded.
Gastronok chants a spell, wobbling all the while.
Gastronok puts on a burst of speed!
You hit Gastronok.
Gastronok is lightly wounded.
You slash Gastronok!
Gastronok is lightly wounded.
Gastronok closely misses you.
You hit Gastronok.
Gastronok is lightly wounded.
You slash Gastronok!
Gastronok is lightly wounded.
Gastronok waves his eye-stalks in wide circles.
The air twists around and strikes you.
You hit Gastronok but do no damage.
Gastronok is lightly wounded.
You slash Gastronok!
Gastronok is moderately wounded.
Gastronok bites you but does no damage.
You slash Gastronok!
Gastronok is moderately wounded.
Gastronok bites you!!
* * * LOW HITPOINT WARNING * * *
You are too injured to fight recklessly!
You are too injured to fight recklessly!
Unknown command.
You hit Gastronok but do no damage.
Gastronok is moderately wounded.
Unknown command.
You hit Gastronok but do no damage.
Gastronok is moderately wounded.
Gastronok bites you!!
You die...

.[.###......
...........
...........
##..........
#..#........
###..#........
#......w......
#######..:.@#
#...........#
#........$..#
##...≈≈≈≈≈≈.....
###..≈≈##≈≈.....
#.#..≈####≈.#....
##....≈##
#≈.###..
#<....≈≈# ≈≈...
#.
##.#..≈≈≈≈≈≈....


You could see Gastronok (swift).

Vanquished Creatures
  Grinder (D:3)
  A hornet (D:7)
  An orc warrior (D:8)
  A water moccasin (D:5)
  2 ice beasts
  4 sky beasts
  2 ogres
  2 phantoms
  2 bullfrogs (D:7)
  3 scorpions
  3 wights (D:6)
  8 killer bees
  4 hounds
  3 orc priests
  A gnoll bouda (D:4)
  A jelly (D:5)
  2 sleepcaps (D:5)
  2 iguanas (D:5)
  9 orc wizards
  8 adders
  5 gnolls (D:4)
  2 shadow imps
  2 ufetubi (D:6)
  3 worms
  3 dart slugs
  28 orcs
  5 endoplasms
  3 giant cockroaches
  8 hobgoblins
  6 jackals
  6 kobolds
  3 quokkas
  4 ball pythons
  3 bats
  3 frilled lizards
  6 rats
150 creatures vanquished.

Vanquished Creatures (others)
  5 plants (D:7)
5 creatures vanquished.

Grand Total: 155 creatures vanquished

Notes
Turn   | Place    | Note
-------+----------+-------------------------------------------
     0 | D:1      | bande the Gargoyle Fighter began the quest for the Orb.
     0 | D:1      | Reached XP level 1. HP: 14/14 MP: 1/1
    64 | D:1      | Reached XP level 2. HP: 12/19 MP: 2/2
   117 | D:1      | Reached skill level 2 in Axes
   484 | D:1      | Found a faded altar of an unknown god.
   706 | D:2      | Reached XP level 3. HP: 23/23 MP: 3/3
   933 | D:2      | Reached XP level 4. HP: 29/29 MP: 4/4
  1266 | D:3      | Noticed Grinder
  1275 | D:3      | Paralysed by Grinder for 5 turns
  1294 | D:3      | Paralysed by Grinder for 4 turns
  1318 | D:3      | Paralysed by Grinder for 4 turns
  1324 | D:3      | Killed Grinder
  1325 | D:3      | Reached skill level 3 in Axes
  1325 | D:3      | Reached XP level 5. HP: 5/34 MP: 5/5
  1325 | D:3      | Reached XP level 6. HP: 6/39 MP: 6/6
  1570 | D:3      | Reached skill level 4 in Axes
  2011 | D:4      | Found a staircase to the Ecumenical Temple.
  2021 | D:4      | Reached skill level 5 in Armour
  2031 | Temple   | Entered the Ecumenical Temple
  2117 | Temple   | Became a worshipper of Warmaster Okawaru
  2136 | D:4      | Identified the +8 short sword "Hell-Harrower" {venom, rElec
                  | MP+9 Int+3}
  2477 | D:4      | Found a glowing silver altar of Zin.
  2478 | D:4      | Noticed an angel
  2541 | D:4      | Reached XP level 7. HP: 40/44 MP: 7/7
  2633 | D:4      | Found Iteriamn's One-of-a-Kind Rings.
  2680 | D:4      | Reached skill level 1 in Invocations
  2796 | D:4      | Reached * piety under Okawaru
  2801 | D:4      | Reached skill level 5 in Axes
  3157 | D:5      | Entered Level 5 of the Dungeon
  3178 | D:5      | Reached skill level 1 in Evocations
  3403 | D:5      | Reached XP level 8. HP: 48/48 MP: 9/9
  3496 | D:5      | Found a bloodstained altar of Trog.
  3509 | D:5      | Reached skill level 5 in Fighting
  3632 | D:5      | Reached ** piety under Okawaru
  3818 | D:5      | Reached skill level 6 in Axes
  4147 | D:6      | Found Otofiat's Antique Weapon Shop.
  4179 | D:6      | Found Cukeuxut's Distillery.
  4206 | D:6      | Bought a potion of degeneration for 10 gold pieces
  4577 | D:6      | Found Veraawot's Assorted Antiques.
  4587 | D:6      | Reached XP level 9. HP: 54/54 MP: 11/11
  4604 | D:6      | Reached skill level 7 in Axes
  4780 | D:6      | Found Cischuec's General Store.
  4908 | D:6      | Reached skill level 5 in Shields
  5058 | D:6      | Reached *** piety under Okawaru
  5449 | D:7      | Found a sparkling altar of Nemelex Xobeh.
  6107 | D:7      | Found a hide-covered altar of Uskayaw.
  6158 | D:7      | Found a hazy altar of Hepliaklqana.
  6253 | D:8      | Noticed a hornet
  6274 | D:7      | Killed a hornet
  6275 | D:7      | Reached skill level 8 in Axes
  6672 | D:8      | Noticed Gastronok
  6687 | D:8      | Mangled by Gastronok

Illustrated notes

Levels and vault maps discovered:
D:1:      lemuel_arrival_river_bridge, layout_basic,
          hellmonk_ecumenical_altar_pennies_from_heaven
D:2:      layout_rooms
D:3:      layout_basic, uniq_grinder
D:4:      layout_loops_ring, zin_angel, minmay_temple_entry_sparse_star,
          nicolae_shop_unique_rings
D:5:      layout_gridville, mainiacjoe_overflow_catwalk, corner_web_ring
D:6:      layout_rooms, serial_shops, nicolae_diamond_shop, shop,
          nicolae_shop_waterfront, nicolae_lakefront_shop,
          kennysheep_generic_room_12
D:7:      layout_rooms, nemelex_spade_bored_becter,
          lemuel_coloured_pillars_altar, mainiacjoe_overflow_cross_hatched
D:8:      nicolae_moon_pools, layout_cave_pools, gup_ossuary_entry_pyramid,
          uniq_gastronok
Temple:   lightli_temple_of_artemis

Skill      XL: |  1  2  3  4  5  6  7  8  9 |
---------------+----------------------------+-----
Axes           | 2 3 4 5 6 8 |  8.0
Fighting       | 4 5 6 |  6.1
Armour         | 4 5 6 |  6.8
Shields        | 4 5 |  5.4
Invocations    | 2 3 4 |  4.9
Evocations     | 1 2 3 |  3.9
Stealth        | |  0.2

Action                     |  1- 3 |  4- 6 |  7- 9 || total
---------------------------+-------+-------+-------++-------
  Melee: War axe           |    73 |   104 |   434 ||   611
    Use: Potion            |       |     4 |     2 ||     6
         Scroll            |       |    10 |     6 ||    16
 Armour: Scale mail        |    52 |    52 |   434 ||   538
  Dodge: Dodged            |    45 |    43 |   239 ||   327
  Block: Buckler           |    19 |    22 |   130 ||   171

Table legend: (Time is in decaauts)
 A = Elapsed time spent in this place.
 B = Non-inter-level travel time spent in this place.
 C = Inter-level travel time spent in this place.
 D = Time resting spent in this place.
 E = Time spent auto-exploring this place.
 F = Levels seen in this place.
 G = Mean time per level.
                   A        B        C        D        E       F      G
               +--------+--------+--------+--------+--------+-----+--------+
         Total |   6854 |   6693 |    161 |   1648 |   3561 |   9 |  761.6 |
       Dungeon |   6755 |   6594 |    161 |   1648 |   3483 |   8 |  844.4 |
        Temple |     99 |     99 |      0 |      0 |     78 |   1 |   99.0 |
               +--------+--------+--------+--------+--------+-----+--------+

Top non-repeatable levels by time:
     D:7: 1310 daAuts
     D:6: 1309 daAuts
     D:4: 1078 daAuts
     D:5: 910 daAuts
     D:3: 824 daAuts
     D:1: 714 daAuts
     D:2: 529 daAuts
  Temple: 99 daAuts
     D:8: 78 daAuts
